Map: 2000 Atmosphären LE

Players

K.I.-1 (Sehr leicht) - Winner!

  • Race: Terran Terran

Luca

  • Race: Terran Terran
  • League: Master

VOD

Have the link to the VOD?

Description

Time

  • Played on: March 15, 2022, 7:33 a.m.
  • Length: 5:51
Show
View Real Time Build Order
Export as new Build Order

K.I.-1 (Sehr leicht) Terran - Winner!

Build Orders:  

Get SALT Encoding   

  12  0:00  SCV  
  13  0:13  SCV  
  14  0:18  Supply Depot  
  14  0:37  Refinery  
  14  0:42  Barracks  
  14  1:03  Supply Depot  
  14  1:11  Refinery  
  14  1:28  SCV  
  14  1:30  Marine  
  16  1:41  SCV  
  17  1:53  SCV  
  18  2:05  SCV  
  18  2:06  Marine  
  20  2:17  SCV  
  21  2:29  SCV  
  22  2:42  Orbital Command  
  22  2:43  Marine  
  23  4:20  SCV  
Show
View Real Time Build Order
Export as new Build Order

Luca Terran 

Build Orders: Cyclone Opening 

Get SALT Encoding   

  12  0:00  SCV  
  13  0:12  SCV  
  14  0:17  Supply Depot  
  14  0:24  SCV  
  15  0:38  SCV  
  15  0:40  Barracks  
  16  0:44  Refinery  
  16  0:50  SCV  
  17  1:02  SCV  
  18  1:15  SCV  
  19  1:28  Orbital Command  
  19  1:29  Marine  
  20  1:40  Command Center  
  20  1:51  Factory  
  20  1:55  SCV  
  21  2:03  Supply Depot  
  21  2:04  Marine  
  21  2:07  SCV  
  23  2:16  Refinery  
  23  2:24  SCV, Marine  
  25  2:36  Factory Tech Lab  
  25  2:37  SCV, Starport  
  26  2:42  Marine  
  27  2:49  SCV  
  28  2:54  Orbital Command  
  28  2:56  Cyclone  
  31  3:01  SCV, Marine  
  33  3:13  SCV  
  33  3:14  Medivac  
  33  3:18  Refinery  
  33  3:19  SCV  
  37  3:22  Marine  
  37  3:25  SCV  
  39  3:29  Supply Depot  
  39  3:31  SCV  
  40  3:37  SCV, Siege Tank  
  44  3:41  Marine  
  44  3:43  SCV  
  46  3:51  SCV  
  46  3:55  SCV  
  48  3:59  Marine  
  48  4:00  Starport Tech Lab  
  49  4:03  SCV  
  49  4:09  Siege Tank  
  53  4:14  SCV  
  53  4:15  Barracks  
  53  4:16  Barracks  
  54  4:19  Supply Depot  
  54  4:29  Barracks Reactor  
  54  4:31  SCV, Raven  
  54  4:32  SCV  
  58  4:42  Supply Depot  
  58  4:43  SCV  
  58  4:44  SCV  
  60  4:46  Siege Tank  
  63  4:55  SCV  
  63  4:56  SCV  
  65  5:04  Barracks Tech Lab x2  
  65  5:05  Refinery  
  65  5:06  Marine x2  
  67  5:07  SCV  
  67  5:10  SCV  
  67  5:13  Supply Depot  
  69  5:20  SCV  
  72  5:23  SCV, Marine x2  
  72  5:24  Marine x2  
  72  5:28  Engineering Bay  
  77  5:32  SCV  
  77  5:35  SCV  
  79  5:36  Supply Depot  
Tags
 
Add a new tag
Caveats
  • Supply blocks, unpowered buildings, or Contaminate may cause inaccurate times.
  • Supply counts are checked every 10 seconds.